 Dungeon Crawl Stone Soup version 0.31-a0-182-gc5ef74bbde (webtiles) character file.

Game seed: 5273594952399867967

41 lunkers the Ruffian (level 4, 0/38 HPs)
             Began as a Meteoran Fighter on June 21, 2023.
             Splashed by a jelly's acid (9 damage)
             ... on level 3 of the Dungeon.
             The game lasted 00:04:39 (808 turns).

lunkers the Ruffian (Meteoran Fighter)               Turns: 808, Time: 00:04:39

Health: 0/38       AC:  4    Str: 19    XL:     4   Next: 1%
Magic:  5/5        EV:  5    Int:  9    God:
Gold:   42         SH:  5    Dex: 14    Spells: 3/3 levels left

rFire   . .          .
                       - Unarmed
rCold   . . .        b - +0 buckler
rNeg    . . .        n - +0 plate armour
rPois   .            d - +0 helmet
rElec   .            l - scarf {repulsion}
rCorr   .            (no gloves)
SInv    .            (no boots)
Will    .....        (no amulet) Stlth
                     (no ring)
HPRegen 0.26/turn    (no ring)
MPRegen 0.09/turn

%: repel missiles
@: corroded, glowing
A: sense surroundings 1, otherworldly, glowing, explore regen
a: no special abilities


You were on level 3 of the Dungeon.
You visited 1 branch of the dungeon, and saw 3 of its levels.

You collected 42 gold pieces.

Inventory:

Hand Weapons
 o - the +4 whip of Immorality {freeze, Str+3}
   (You found it on level 3 of the Dungeon)

   Str:       It affects your strength (+3).
Armour
 a - a +0 scale mail
 b - a +0 buckler (worn)
 d - a +0 helmet (worn)
 l - a scarf of repulsion (worn)
 n - a +0 plate armour (worn)
 p - the +5 ring mail of Zuoteq {rPois rC++}
   (You found it on level 3 of the Dungeon)

   rC:        It greatly protects you from cold.
   rPois:     It protects you from poison.
Jewellery
 f - a ring of magical power
Scrolls
 g - a scroll of noise {unknown}
 j - a scroll of identify {unknown}
 m - a scroll of vulnerability {unknown}
Potions
 c - a potion of might
 e - a potion of lignification {unknown}
 h - a potion of curing {unknown}
 i - a potion of resistance {unknown}
 k - a potion of enlightenment {unknown}


   Skills:
 - Level 3.2 Fighting
 - Level 3.6 Armour
 - Level 3.6 Shields
 + Level 4.6 Unarmed Combat


You had 3 spell levels left.
You didn't know any spells.
Your spell library was empty.

Dungeon Overview and Level Annotations

Branches:
Dungeon (3/15) Zot: 994

Altars:


Innate Abilities, Weirdness & Mutations

You passively map a small area around you.
You are easily found by Zot.
You glow in the dark.
You regain HP and MP as you explore.


Message History

You barely miss the jelly.
The jelly is severely wounded.
You block the jelly's attack.
You hit the jelly but do no damage.
Your hands burn!
The jelly is severely wounded.
The jelly hits you but does no damage.
You barely miss the jelly.
The jelly is severely wounded.
You block the jelly's attack.
You hit the jelly. The acid corrodes you!
Your hands burn!
The jelly is severely wounded.
The orc hits you but does no damage. You block the jelly's attack.
The orc hits you with a +0 short sword.
You barely miss the jelly.
The jelly is severely wounded.
The orc hits you but does no damage. The jelly hits you but does no damage.
The orc hits you but does no damage.
Unknown command.
You hit the jelly. The acid corrodes you!
Your hands burn!
* * * LOW HITPOINT WARNING * * *
The jelly is almost dead.
You block the orc's attack. The orc barely misses you.
The jelly hits you but does no damage.
You hit the jelly but do no damage.
Your hands burn!
* * * LOW HITPOINT WARNING * * *
The jelly is almost dead.
The orc hits you but does no damage. The orc hits you with a +0 short sword.
* * * LOW HITPOINT WARNING * * *
An orc comes into view. It is wielding a +0 dagger.
The jelly hits you but does no damage.
The orc shouts!
You hit the jelly.
Your hands burn!
* * * LOW HITPOINT WARNING * * *
The jelly is almost dead.
The orc hits you with a +0 short sword.
* * * LOW HITPOINT WARNING * * *
The jelly hits you.
* * * LOW HITPOINT WARNING * * *
You are splashed with acid!
You die...

#..# #...#####.# .# * *
#..# #...# #.##>## * #..#
#...# #.#...# #.
#..######...#####.#...#...
........................#.
* ,
...#######.#.......oo.....
#.## #.#....o......... #.#
#.#.###oJ#...#... #.#
#.#.# #@o#.o..... #.#
#.#.# #..##...... , ..#
,..... ...# ..o... ###, *
* ........# ...o.. *
##.######*,....., * ....o
* * , * ,


You could see a jelly, an orc priest and 4 orcs.

Vanquished Creatures
  An adder (D:2)
  A dart slug (D:2)
  4 bats
  3 endoplasms
  2 giant cockroaches
  3 goblins
  3 hobgoblins
  4 ball pythons
  A frilled lizard (D:1)
  2 kobolds (D:1)
  4 rats
28 creatures vanquished.

Notes
Turn   | Place    | Note
-------+----------+-------------------------------------------
     0 | D:1      | lunkers the Meteoran Fighter began the quest for the Orb.
     0 | D:1      | Reached XP level 1. HP: 19/19 MP: 2/2
    57 | D:1      | Reached skill level 3 in Unarmed Combat
    57 | D:1      | Reached XP level 2. HP: 23/26 MP: 3/3
   402 | D:1      | Reached XP level 3. HP: 29/31 MP: 4/4
   501 | D:1      | Glimpsed the power of Zot.
   519 | D:1      | Reached skill level 4 in Unarmed Combat
   777 | D:3      | Reached XP level 4. HP: 38/38 MP: 5/5
   780 | D:3      | Identified the +4 whip of Immorality {freeze, Str+3}
   792 | D:3      | Identified the +5 ring mail of Zuoteq {rPois rC++}
   808 | D:3      | Splashed by a jelly's acid

Illustrated notes

Levels and vault maps discovered:
D:1:      dpeg_arrival_leaves_temple_mockup, layout_basic,
          shapermc_ecumenical_altar_ellora, amcnicky_mini_rare_corridor_liquid,
          kennysheep_decorative_pillar
D:2:      layout_loops_corners
D:3:      layout_loops_ring, serial_shops, nicolae_shop_tiny_glass

Skill      XL: |  1  2  3 |
---------------+----------+-----
Unarmed Combat | 3 4 |  4.6
Fighting       | |  3.2
Armour         | |  3.6
Shields        | |  3.6

Action                     |  1- 3 |  4- 6 || total
---------------------------+-------+-------++-------
  Melee: Unarmed           |    83 |    11 ||    94
 Armour: Scale mail        |    41 |       ||    41
         Plate armour      |     6 |    11 ||    17
  Dodge: Dodged            |    23 |     2 ||    25
         Repelled          |     1 |       ||     1
  Block: Buckler           |    16 |     4 ||    20

Table legend: (Time is in decaauts)
 A = Elapsed time spent in this place.
 B = Non-inter-level travel time spent in this place.
 C = Inter-level travel time spent in this place.
 D = Time resting spent in this place.
 E = Time spent auto-exploring this place.
 F = Levels seen in this place.
 G = Mean time per level.
                   A        B        C        D        E       F      G
               +--------+--------+--------+--------+--------+-----+--------+
         Total |    804 |    791 |     13 |      0 |    510 |   3 |  268.0 |
       Dungeon |    804 |    791 |     13 |      0 |    510 |   3 |  268.0 |
               +--------+--------+--------+--------+--------+-----+--------+

Top non-repeatable levels by time:
     D:1: 541 daAuts
     D:2: 203 daAuts
     D:3: 59 daAuts
